Map: Honorgrounds LE

Players

Roxan

  • Race: Protoss Protoss
  • League: Diamond
  • Spawn Location: 11:00

Musumeci - Winner!

  • Race: Zerg Zerg
  • League: Diamond
  • Spawn Location: 5:00

VOD

Have the link to the VOD?

Description

Time

  • Played on: Feb. 8, 2017, 11:53 a.m.
  • Length: 4:08
Show
View Real Time Build Order
Export as new Build Order

Roxan Protoss 

Build Orders: 1 Gate Expand 

Get SALT Encoding   

  12  0:02  Probe (Chrono Boost)  
  13  0:13  Probe (Chrono Boost)  
  14  0:19  Pylon  
  14  0:23  Probe (Chrono Boost)  
  15  0:37  Gateway, Probe (Chrono Boost)  
  16  0:47  Assimilator  
  16  0:48  Probe (Chrono Boost)  
  17  0:58  Probe (Chrono Boost)  
  18  1:09  Probe (Chrono Boost)  
  19  1:22  Nexus  
  19  1:26  Probe (Chrono Boost)  
  20  1:36  Cybernetics Core  
  20  1:39  Probe (Chrono Boost)  
  21  1:44  Assimilator  
  21  1:50  Probe (Chrono Boost)  
  22  2:01  Pylon  
  22  2:08  Probe (Chrono Boost)  
  23  2:15  Zealot  
  23  2:22  Mothership Core (Chrono Boost)  
  27  2:28  Pylon  
  27  2:39  Probe (Chrono Boost)  
  27  2:42  Probe (Chrono Boost)  
  29  2:49  Sentry, Probe (Chrono Boost)  
  32  2:54  Probe (Chrono Boost)  
  33  2:58  Twilight Council  
  33  3:00  Probe (Chrono Boost)  
  34  3:07  Probe (Chrono Boost)  
  34  3:10  Probe (Chrono Boost)  
  36  3:14  Gateway  
  36  3:23  Zealot  
  38  3:30  Pylon  
  36  3:38  Gateway  
Show
View Real Time Build Order
Export as new Build Order

Musumeci Zerg - Winner!

Build Orders: Pool First 

Get SALT Encoding   

  12  0:01  Drone  
  13  0:08  Drone  
  14  0:15  Extractor  
  14  0:16  Drone  
  15  0:41  Overlord  
  15  0:51  Spawning Pool  
  14  1:18  Drone  
  14  1:19  Drone  
  14  1:20  Drone  
  17  1:39  Hatchery  
  16  1:40  Zergling x2  
  16  1:41  Zergling x2  
  18  1:57  Hatchery  
  18  2:00  Zergling x2  
  18  2:09  Zergling x2  
  18  2:13  Zergling x2  
  20  2:19  Extractor  
  19  2:24  Zergling x2  
  20  2:36  Zergling x2  
  21  2:45  Zergling x2  
  21  2:55  Zergling x2  
  21  2:56  Queen  
  24  3:01  Zergling x2  
  25  3:06  Zergling x4  
  25  3:08  Queen  
  25  3:10  Zergling x2  
  29  3:13  Zergling x2  
  25  3:37  Zergling x12  
Tags
 
Add a new tag
Caveats
  • Supply blocks, unpowered buildings, or Contaminate may cause inaccurate times.
  • Supply counts are checked every 10 seconds.